 Dungeon Crawl Stone Soup version 0.16-a0-3695-ga3e2ed8 (console) character file.

3593 MrRokkomies the Martial Artist (level 10, -13/66 HPs)
             Began as an Octopode Transmuter on Jan 18, 2015.
             Was a Follower of Ru.
             Mangled by a hill giant
             ... wielding a +0 giant club
              (22 damage)
             ... on level 8 of the Dungeon.
             The game lasted 00:40:27 (9796 turns).

MrRokkomies the Martial Artist (OpTm)               Turns: 9796, Time: 00:40:27

Health: -13/66     AC:  1    Str:  9      XL:     10   Next: 10%
Magic:  12/16      EV: 12    Int: 19      God:    Ru [*.....]
Gold:   371        SH:  0    Dex: 10 (13) Spells: 3 memorised, 4 levels left

rFire  . . .     SeeInvis .       - Unarmed
rCold  + . .     Clarity  .     (shield currently unavailable)
rNeg   . . .     SustAb   .     (helmet restricted)
rPois  .         Gourm    .     (no amulet)
rElec  .         Spirit   .     q - ring of stealth
rCorr  .         Warding  .     z - ring of protection from cold
rMut   .         Rnd*Tele +     (no ring)
MR     .....                    (no ring)
Stlth  +++++.....               (no ring)
                                (no ring)
                                (no ring)
                                (no ring)

@: blade tentacles, not resistant to hostile enchantments, quite stealthy
A: almost no armour, amphibious, 8 rings, constrict 8, camouflage 1,
teleportitis 1, gelatinous body 1, magic vulnerability 1
a: End Transformation, Renounce Religion


You were on level 8 of the Dungeon.
You worshipped Ru.
Ru was aware of your devotion.
You were hungry.
You had blades for tentacles.
You visited 2 branches of the dungeon, and saw 10 of its levels.

You collected 371 gold pieces.

Inventory:

Hand weapons
 n - a +2 dagger of protection
Missiles
 b - 12 arrows
 c - 16 stones (quivered)
 e - 49 poisoned needles
 l - 7 needles of slowing
 F - 2 throwing nets
Jewellery
 q - a ring of stealth (left scythe-like blade)
 z - a ring of protection from cold (right scythe-like blade)
 G - an uncursed ring of teleportation
Magical devices
 p - a wand of polymorph (11)
 s - a wand of lightning (2)
Scrolls
 w - 2 scrolls of recharging
 y - a scroll of teleportation
Potions
 f - a potion of invisibility
 g - a potion of beneficial mutation {unknown}
 i - a potion of curing
 m - a potion of brilliance
 o - a potion of lignification
 u - a potion of cancellation {unknown}
 v - a potion of magic {unknown}
 A - a potion of restore abilities {unknown}
 B - a potion of degeneration {unknown}
 C - a potion of haste {unknown}
Books
 d - a book of Changes

   Spells                             Type                      Level
   a - Beastly Appendage              Transmutation                1
   b - Sticks to Snakes               Transmutation                2
   c - Spider Form                    Transmutation/Poison         3
   d - Ice Form                       Ice/Transmutation            4
   e - Blade Hands                    Transmutation                5
 h - Sif Muna's Catalogue of Conjuration
   (You found it on level 5 of the Dungeon)

   Spells                             Type                      Level
   a - Shock                          Conjuration/Air              1
 x - the Tome of Battle Magic
   (You found it on level 7 of the Dungeon)

   Spells                             Type                      Level
   a - Throw Flame                    Conjuration/Fire             2
   b - Sticky Flame                   Conjuration/Fire             4
   c - Bolt of Draining               Conjuration/Necromancy       5
   d - Bolt of Magma                  Conjuration/Fire/Earth       5
 D - a book of Party Tricks

   Spells                             Type                      Level
   a - Summon Butterflies             Summoning                    1
   b - Apportation                    Translocation                1
   c - Tukima's Dance                 Hexes                        3
   d - Alistair's Intoxication        Transmutation/Poison         4
   e - Invisibility                   Hexes                        6
 E - a book of the Tempests

   Spells                             Type                      Level
   a - Static Discharge               Conjuration/Air              3
   b - Lightning Bolt                 Conjuration/Air              5
   c - Fireball                       Conjuration/Fire             5
   d - Tornado                        Air                          9
   e - Shatter                        Earth                        9
Comestibles
 a - 6 bread rations
 j - a royal jelly
 k - 4 meat rations


   Skills:
 - Level 5.0 Fighting
 - Level 2.0 Dodging
 - Level 5.3 Stealth
 * Level 10.0 Unarmed Combat
 - Level 2.0 Spellcasting
 * Level 8.6 Transmutations


You had 4 spell levels left.
You knew the following spells:

 Your Spells              Type           Power        Failure   Level  Hunger
a - Beastly Appendage     Trmt           ####..       12%         1    #......
b - Spider Form           Trmt/Pois      ###.......   50%         3    ###....
c - Blade Hands           Trmt           ####......   54%         5    ######.


Dungeon Overview and Level Annotations

Branches:
Dungeon (9/15)             Temple (1/1) D:4
   Lair: D:8-11         Orc: D:9-12

Altars:
Ashenzari
Cheibriados
Dithmenos
Elyvilon
Fedhas
Gozag
Kikubaaqudgha
Makhleb
Nemelex Xobeh
Okawaru
Qazlal
Ru
Sif Muna
Trog
Vehumet
Xom
Yredelemnul
Zin
The Shining One

Shops:
D:4 ?*:?(   D:7 [   D:8 ?

Annotations:
D:4 EdwardR's ghost, average MiFi


Innate Abilities, Weirdness & Mutations

You cannot wear most types of armour.
You are amphibious.
You can wear up to eight rings at the same time.
You can use your tentacles to constrict many enemies at once.
Your skin changes colour to match your surroundings (Stealth).
Your rubbery body absorbs attacks (AC +1).
You are slightly vulnerable to magic.
Space occasionally distorts in your vicinity.


Message History

The hill giant hits you with a giant club!!
Ouch! That really hurt!
* * * LOW HITPOINT WARNING * * *
You are too injured to fight recklessly!
You are too injured to fight recklessly!
You are too injured to fight recklessly!
You slash the hill giant! You squeeze the hill giant.
The hill giant is heavily wounded.
You hit the hill giant.
The hill giant is severely wounded.
The hill giant is stunned by your will and fails to attack.
You barely miss the hill giant.
The hill giant is heavily wounded.
The hill giant closely misses you.
You hit the hill giant.
The hill giant is severely wounded.
You slash the hill giant!
The hill giant is severely wounded.
The hill giant hits you with a giant club!!
You die...

............∩.###.#
..#####...........#
..#####.#.!..###### .
.............$..... .#.
#.#..?.......###... ...##
#.#..........# ###.
....##.#..........# #..
#..#.#.>........# ##.#
#...@C.........# #..#
##.######......###)## ##.#
####......).# #..#
#........# ####.###
#........# #......#
#........# ###......###
#........#
#..........######...).....
#......................[.#


You could see a hill giant.

Vanquished Creatures
  A polar bear (D:9)
  2 hippogriffs
  A sky beast (D:7)
  4 ogres
  2 black bears
  A crocodile (D:8)
  Sigmund (D:7)
  5 giant frogs
  2 scorpions
  9 wights
  3 jellies
  2 centaur zombies
  2 goliath beetles
  4 hounds
  3 orc priests
  14 orc wizards
  2 giant frog skeletons
  Crazy Yiuf (D:3)
  A quasit (D:7)
  3 crimson imps
  2 centaur skeletons (D:6)
  An iguana (D:5)
  4 worker ants
  Ijyb (D:2)
  Jessica (D:2)
  2 hound zombies (D:5)
  A mummy (D:6)
  3 adders
  4 gnolls (D:4)
  A shadow imp (D:6)
  2 white imps (D:9)
  A worm (D:4)
  31 orcs
  2 ball pythons
  13 bats
  A bat skeleton (D:5)
  5 giant cockroaches
  5 goblins
  10 hobgoblins
  9 kobolds
  5 quokkas
  3 giant geckos
  5 giant newts
  17 rats
192 creatures vanquished.

Vanquished Creatures (collateral kills)
  A phantom (D:8)
  A killer bee (D:8)
2 creatures vanquished.

Vanquished Creatures (others)
  A worker ant (D:5)
  An adder (D:8)
  An orc (D:8)
  A giant newt (D:5)
4 creatures vanquished.

Grand Total: 198 creatures vanquished

Notes
Turn   | Place    | Note
--------------------------------------------------------------
     0 | D:1      | MrRokkomies, the Octopode Transmuter, began the quest for the Orb.
     0 | D:1      | Reached XP level 1. HP: 13/13 MP: 3/3
   226 | D:1      | Reached XP level 2. HP: 13/18 MP: 4/4
   294 | D:1      | Reached skill level 1 in Stealth
   734 | D:2      | Noticed Jessica
   747 | D:2      | Killed Jessica
   747 | D:2      | Reached XP level 3. HP: 8/24 MP: 4/6
   892 | D:2      | Noticed Ijyb
  1027 | D:2      | Killed Ijyb
  1027 | D:2      | Reached XP level 4. HP: 25/30 MP: 7/7
  1448 | D:2      | Reached skill level 4 in Unarmed Combat
  1604 | D:2      | Learned a level 3 spell: Spider Form
  1866 | D:3      | Reached XP level 5. HP: 34/36 MP: 6/9
  2463 | D:3      | Found a bloodstained altar of Trog.
  2632 | D:3      | Reached XP level 6. HP: 37/43 MP: 7/10
  2675 | D:3      | Noticed Crazy Yiuf
  2689 | D:3      | Paralysed by Crazy Yiuf for 4 turns
  2701 | D:3      | Killed Crazy Yiuf
  2772 | D:3      | Gained mutation: Space occasionally distorts in your vicinity. [mutagenic glow]
  2830 | D:3      | Reached skill level 5 in Unarmed Combat
  3001 | D:4      | Found Usacs' Magic Scroll Shoppe.
  3061 | D:4      | Found a staircase to the Ecumenical Temple.
  3070 | Temple   | Entered the Ecumenical Temple
  3166 | Temple   | Became a worshipper of Ru the Awakened
  3192 | D:4      | Noticed EdwardR's ghost (average MiFi)
  3240 | D:4      | Reached XP level 7. HP: 5/49 MP: 9/12
  3565 | D:4      | Found Sikal's Weapon Shoppe.
  3631 | D:4      | Found Reevanosh's Book Emporium.
  3647 | D:4      | Reached skill level 5 in Stealth
  3871 | D:4      | Found a white marble altar of Elyvilon.
  3919 | D:4      | Found Quosyng's General Store.
  3939 | D:4      | Found Ushonepnoxt's Magic Scroll Shoppe.
  4131 | D:4      | Reached skill level 5 in Fighting
  4234 | D:5      | Entered Level 5 of the Dungeon
  4235 | D:5      | Upgraded the game from 0.16-a0-3684-g951c262 to 0.16-a0-3695-ga3e2ed8
  4512 | D:5      | Reached skill level 6 in Unarmed Combat
  4801 | D:5      | Reached XP level 8. HP: 22/55 MP: 13/13
  4999 | D:6      | Learned a level 5 spell: Blade Hands
  5223 | D:5      | Found a deep blue altar of Sif Muna.
  5242 | D:5      | Identified Sif Muna's Catalogue of Conjuration
  5516 | D:5      | Found a glowing silver altar of Zin.
  5516 | D:5      | Found a shadowy altar of Dithmenos.
  5517 | D:5      | Found an opulent altar of Gozag.
  6249 | D:6      | Reached skill level 7 in Unarmed Combat
  6872 | D:6      | Found a sparkling altar of Nemelex Xobeh.
  7138 | D:7      | Found a sparkling altar of Nemelex Xobeh.
  7147 | D:7      | Noticed Sigmund
  7159 | D:7      | Killed Sigmund
  7159 | D:7      | Reached skill level 5 in Transmutations
  7175 | D:7      | Identified the Tome of Battle Magic
  7192 | D:7      | Found Kiaz's Antique Armour Boutique.
  7257 | D:7      | Reached XP level 9. HP: 41/61 MP: 14/14
  7371 | D:7      | Reached skill level 8 in Unarmed Combat
  8449 | D:8      | Reached skill level 9 in Unarmed Combat
  9151 | D:8      | Found Morr's Magic Scroll Boutique.
  9164 | D:8      | Noticed a hill giant
  9296 | D:9      | Reached XP level 10. HP: 29/66 MP: 16/16
  9528 | D:9      | Reached skill level 10 in Unarmed Combat
  9553 | D:8      | Gained mutation: You are slightly vulnerable to magic. [Ru sacrifice]
  9553 | D:8      | Acquired Ru's first power
  9796 | D:8      | Mangled by a hill giant

Action                   |  1- 3 |  4- 6 |  7- 9 | 10-12 || total
-------------------------+-------+-------+-------+-------++-------
Melee: Unarmed           |    64 |   167 |   332 |    33 ||   596
       Dagger            |       |       |     5 |       ||     5
Throw: Stone             |     1 |     4 |    32 |     4 ||    41
 Cast: Beastly Appendage |     2 |     6 |    12 |       ||    20
       Spider Form       |       |     6 |    12 |     1 ||    19
       Blade Hands       |       |       |     1 |     2 ||     3
Invok: Sacrifice Essence |       |       |       |     1 ||     1
Evoke: Wand              |       |       |     1 |       ||     1
  Use: Scroll            |     1 |     4 |    12 |       ||    17
       Potion            |       |     3 |     3 |       ||     6
 Stab: Sleeping          |     3 |     7 |    29 |       ||    39
       Invisible         |       |     1 |     4 |       ||     5
  Eat: Chunk             |       |     8 |    15 |     2 ||    25
       Pizza             |       |       |     1 |       ||     1
       Beef jerky        |       |       |     1 |       ||     1
       Royal jelly       |       |       |     2 |       ||     2
